 Dungeon Crawl Stone Soup version 0.30.0-5-g1a98f26d00 (webtiles) character file.

Game seed: 16692154155920227032

562 cheesebisquit the Sneak (level 7, -4/61 HPs)
             Began as a Red Draconian Fire Elementalist on May 8, 2023.
             Slain by Pikel
             ... wielding a +2 whip of flaming
              (10 damage)
             ... on level 4 of the Dungeon.
             The game lasted 00:15:06 (4870 turns).

cheesebisquit the Sneak (DrFE)                      Turns: 4870, Time: 00:15:07

Health: -4/61      AC:  7    Str: 10    XL:     7   Next: 10%
Magic:  3/10       EV: 12    Int: 18    God:
Gold:   204        SH:  0    Dex: 11    Spells: 9/10 levels left

rFire   + + .        x - +0 halberd
rCold   . . .        (shield currently unavailable)
rNeg    . . .        (body armour unavailable)
rPois   +            (helmet restricted)
rElec   .            u - +0 cloak
rCorr   .            (no gloves)
SInv    .            (no boots)
Will    .....        (no amulet)
Stlth   +++          g - ring of protection from fire
HPRegen 0.30/turn    (no ring)
MPRegen 0.12/turn

%: clarity
@: no status effects
A: breathe fire, AC +6, unfitting armour, fire resistance 1, cold-blooded,
clarity, poison resistance, MP-powered wands
a: Breathe Fire


You were on level 4 of the Dungeon.
You visited 1 branch of the dungeon, and saw 4 of its levels.

You collected 204 gold pieces.

Inventory:

Hand Weapons
 b - a +0 spear
 f - the +5 mace of Calamity {holy, rElec rF- rC++ SInv}
   (You found it on level 4 of the Dungeon)

   rF:        It makes you vulnerable to fire.
   rC:        It greatly protects you from cold.
   rElec:     It insulates you from electricity.
   SInv:      It lets you see invisible.
 x - a +0 halberd (weapon)
Missiles
 o - 10 poisoned darts
Armour
 e - a +0 buckler
 u - a +0 cloak (worn)
Jewellery
 g - a ring of protection from fire (left hand)
 l - an amulet of faith
Wands
 a - a wand of flame (15)
 m - a wand of charming (1)
Scrolls
 j - a scroll of enchant weapon {unknown}
 q - a scroll of fog {unknown}
 r - a scroll of enchant armour {unknown}
 s - a scroll of poison {unknown}
 v - a scroll of immolation {unknown}
 w - a scroll of vulnerability {unknown}
Potions
 c - 2 potions of curing
 d - a potion of attraction
 h - a potion of magic
 i - a potion of lignification
 k - a potion of flight {unknown}
 n - a potion of haste {unknown}
 p - a potion of heal wounds {unknown}
 t - a potion of mutation


   Skills:
 + Level 5.0 Fighting
 - Level 1.7 Dodging
 - Level 6.1 Stealth
 - Level 2.0 Spellcasting
 - Level 1.0 Conjurations
 - Level 3.6 Fire Magic


You had 9 spell levels left.
You knew the following spells:

 Your Spells              Type           Power      Damage    Failure   Level
a - Foxfire               Conj/Fire      40%        2x1d6     7%          1

Your spell library contained the following spells:

 Spells                   Type           Power      Damage    Failure   Level
 Scorch                   Fire           28%        2d6       6%          2
 Shock                    Conj/Air       12%        1d3       14%         1
 Apportation              Tloc           2%         N/A       19%         1
 Necrotise                Necr           4%         1d4       19%         1
 Summon Small Mammal      Summ           4%         N/A       19%         1
 Sublimation of Blood     Necr           1%         N/A       26%         2
 Wereblood                Tmut           1%         N/A       26%         2
 Inner Flame              Hex/Fire       8%         N/A       26%         3
 Volatile Blastmotes      Fire/Tloc      16%        2d11      26%         3
 Call Canine Familiar     Summ           1%         N/A       47%         3
 Summon Guardian Golem    Hex/Summ       1%         N/A       47%         3
 Swiftness                Air            1%         N/A       47%         3
 Flame Wave               Conj/Fire      10%        2d6       56%         4
 Airstrike                Air            0%         2d(1-17)  87%         4
 Yara's Violent Unravell  Hex/Tmut       0%         3d3       99%         5
 Enfeeble                 Hex            0%         N/A       100%        7
 Summon Hydra             Summ           0%         N/A       100%        7


Dungeon Overview and Level Annotations

Branches:
Dungeon (4/15)
 Temple: D:4-7

Altars:
Gozag

Annotations:
D:4 Pikel


Innate Abilities, Weirdness & Mutations

You can breathe blasts of fire.
Your fiery red scales are hard. (AC +6)
You cannot fit into any form of body armour.
Your flesh is heat resistant. (rF+)
You are cold-blooded and may be slowed by cold attacks.
You possess an exceptional clarity of mind.
Your system is resistant to poisons. (rPois)
You expend magic power (3 MP) to strengthen your wands.


Message History

Pikel is moderately wounded.
You hit Pikel.
Pikel is moderately wounded.
Pikel hits you with a +2 whip of flaming.
The lemure hits you. The lemure closely misses you.
The lemure hits you but does no damage. Pikel hits you but does no damage.
You conjure some foxfire!
The lemure hits you but does no damage. Pikel hits you but does no damage.
The lemure hits you.
You miss Pikel.
Pikel is moderately wounded.
The foxfire hits Pikel but does no damage.
Pikel is moderately wounded.
The foxfire hits Pikel.
Pikel is heavily wounded.
The lemure misses you. The lemure hits you but does no damage.
Pikel hits you with a +2 whip of flaming.
You conjure some foxfire!
Pikel hits you with a +2 whip of flaming.
The lemure hits you but does no damage. The lemure misses you.
You puncture Pikel! You tail-slap Pikel, but do no damage.
Pikel is severely wounded.
The foxfire hits Pikel.
Pikel is almost dead.
The foxfire hits Pikel.
Pikel is almost dead.
The lemure hits you.
Pikel hits you with a +2 whip of flaming!
Pikel burns you. The lemure hits you. x2
* * * LOW HITPOINT WARNING * * *
The lemure hits you.
* * * LOW HITPOINT WARNING * * *
Pikel misses you.
You are too injured to fight recklessly!
Casting: Foxfire (safe; 7% risk of failure)
Press: ? - help, Q - select action, (/) - cycle Dir - look around, f - activate You conjure some foxfire!
The lemure hits you!
* * * LOW HITPOINT WARNING * * *
Pikel hits you with a +2 whip of flaming!
You die...

##### ##...## ###### #####
###.....## .....#
##...######....v.5<####.....#
...#...........v@K..........#
...#..###........5..........#
...#....#...#.....####...>..#
#######..........#####.##...#
...#........#.##.......##...#
##.#..........######..........
♣ #.#...>#..#### #)####...## ♣
#......#..# #.# ...# ♣.
#####...#..# #.# ...# ♣♣.


You could see Pikel (ally target) and 2 lemures.

Vanquished Creatures
  2 lemures
  A phantom (D:4)
  2 scorpions (D:4)
  A jelly (D:4)
  Jessica (D:2)
  Terence (D:2)
  An iguana (D:4)
  Robin (D:2)
  15 gnolls
  3 adders
  A worm (D:3)
  3 dart slugs
  An orc (D:4)
  6 ball pythons
  10 endoplasms
  3 giant cockroaches
  10 goblins (D:2)
  5 hobgoblins
  2 quokkas
  7 bats
  2 frilled lizards (D:2)
  12 kobolds
  7 rats
97 creatures vanquished.

Vanquished Creatures (others)
  317 foxfires
317 creatures vanquished.

Grand Total: 414 creatures vanquished

Notes
Turn   | Place    | Note
-------+----------+-------------------------------------------
     0 | D:1      | cheesebisquit the Draconian Fire Elementalist began the
                  | quest for the Orb.
     0 | D:1      | Reached XP level 1. HP: 14/14 MP: 3/3
    73 | D:1      | Reached skill level 1 in Fighting
   103 | D:1      | You fall into a shaft and drop 1 floor!
   133 | D:2      | Reached skill level 2 in Stealth
   136 | D:2      | Reached XP level 2. HP: 23/23 MP: 5/5
   141 | D:2      | Noticed Robin
   155 | D:2      | Killed Robin
   156 | D:2      | Reached skill level 3 in Stealth
   273 | D:2      | Reached XP level 3. HP: 28/28 MP: 3/6
   357 | D:2      | Found a faded altar of an unknown god.
  1466 | D:2      | Reached skill level 4 in Stealth
  1467 | D:2      | Noticed Terence
  1491 | D:2      | Killed Terence
  1492 | D:2      | Reached XP level 4. HP: 18/35 MP: 2/7
  1634 | D:2      | Noticed Jessica
  1639 | D:2      | Killed Jessica
  2098 | D:3      | Reached skill level 5 in Stealth
  2105 | D:3      | Reached XP level 5. HP: 38/40 MP: 0/8
  3150 | D:4      | Noticed Pikel
  3150 | D:4      | Noticed a lemure
  3150 | D:4      | Noticed a lemure
  3150 | D:4      | Noticed a lemure
  3150 | D:4      | Noticed a lemure
  3163 | D:3      | Killed a lemure
  3245 | D:4      | Noticed a phantom
  3251 | D:4      | Reached skill level 6 in Stealth
  3251 | D:4      | Reached XP level 6. HP: 47/47 MP: 3/9
  3822 | D:4      | Found the +5 woodcutter's axe
  3827 | D:4      | Gained mutation: You expend magic power (3 MP) to
                  | strengthen your wands. [potion of mutation]
  3827 | D:4      | Gained mutation: You possess an exceptional clarity of
                  | mind. [potion of mutation]
  3827 | D:4      | Gained mutation: Your system is resistant to poisons.
                  | (rPois) [potion of mutation]
  4022 | D:4      | Identified the +5 mace of Calamity {holy, rElec rF- rC++
                  | SInv}
  4205 | D:4      | Found an opulent altar of Gozag.
  4427 | D:4      | Your scales start taking on a fiery red colour.
  4427 | D:4      | Reached XP level 7. HP: 19/60 MP: 8/10
  4427 | D:4      | Gained mutation: Your flesh is heat resistant. (rF+) [Red
                  | Draconian growth]
  4759 | D:4      | Reached skill level 5 in Fighting
  4870 | D:4      | Slain by Pikel

Illustrated notes

Levels and vault maps discovered:
D:1:      dpeg_arrival_round_b, layout_loops_ring
D:2:      layout_basic, shapermc_ecumenical_altar_acropolis,
          minmay_indecisive_spiral, uniq_terence, uniq_jessica, uniq_robin
D:3:      layout_rooms, uniq_crazy_yiuf_cottage
D:4:      layout_loops_ring, grunt_gozag_statues, skrybe_limestone_x,
          pf_guarded_unrand_woodcutter, uniq_pikel

Skill      XL: |  1  2  3  4  5  6  7 |
---------------+----------------------+-----
Fighting       | 1 4 5 |  5.0
Stealth        | 2 3 4 5 6 |  6.1
Dodging        | |  1.7
Spellcasting   | |  2.0
Conjurations   | |  1.0
Fire Magic     | |  3.6

Action                     |  1- 3 |  4- 6 |  7- 9 || total
---------------------------+-------+-------+-------++-------
  Melee: Spear             |    41 |   102 |     8 ||   151
         Unarmed           |     1 |       |       ||     1
         Tailslap          |     8 |     9 |     2 ||    19
         Punch             |       |     1 |       ||     1
         Halberd           |       |       |     8 ||     8
   Cast: Foxfire           |    50 |   117 |    23 ||   190
    Use: Potion            |     1 |     5 |       ||     6
         Scroll            |       |     6 |       ||     6
 Armour: Skin              |     9 |    38 |    11 ||    58
  Dodge: Dodged            |    36 |   107 |    15 ||   158
